Map: Oxide LE

Players

DPGZest (Zest) - Winner!

  • Race: Protoss Protoss
  • League: Master

HeroMarine

  • Race: Terran Terran

Event: ASUS ROG Fall 2021

VOD

Have the link to the VOD?

Description

Time

  • Played on: Sept. 17, 2021, 6:57 a.m.
  • Length: 13:17

All games in this series

Show
View Real Time Build Order
Export as new Build Order

DPGZest Protoss - Winner!

Build Orders: 1 Gate Expand, Oracle Opening, Phoenix Opening, Zealot Archon 

Get SALT Encoding   

  12  0:00  Probe  
  13  0:12  Probe  
  14  0:17  Pylon  
  14  0:24  Probe (Chrono Boost)  
  15  0:37  Gateway, Probe (Chrono Boost)  
  16  0:45  Probe (Chrono Boost)  
  16  0:46  Assimilator  
  17  0:51  Probe  
  18  1:03  Probe  
  19  1:15  Probe  
  20  1:24  Cybernetics Core  
  20  1:34  Nexus  
  20  1:38  Probe  
  21  1:44  Pylon  
  21  1:50  Probe  
  21  1:53  Assimilator  
  22  2:00  Adept (Chrono Boost)  
  22  2:02  Probe  
  25  2:14  Probe  
  26  2:16  Stargate  
  26  2:19  Adept (Chrono Boost)  
  26  2:26  Probe  
  29  2:32  Warp Gate  
  29  2:38  Probe  
  30  2:46  Adept, Probe  
  30  2:50  Probe  
  34  2:59  Probe  
  34  3:01  Oracle (Chrono Boost)  
  34  3:02  Probe  
  39  3:09  Pylon  
  39  3:11  Probe  
  40  3:14  Probe  
  41  3:23  Probe  
  41  3:26  Probe  
  43  3:31  Gateway  
  43  3:34  Pylon, Phoenix  
  43  3:35  Probe  
  43  3:39  Probe  
  47  3:47  Probe  
  46  3:51  Probe  
  47  3:58  Phoenix (Chrono Boost)  
  47  3:59  Probe  
  50  4:03  Nexus, Probe  
  50  4:07  Pylon  
  51  4:11  Probe  
  51  4:15  Probe  
  51  4:16  Assimilator, Phoenix (Chrono Boost)  
  53  4:24  Probe  
  56  4:29  Gateway  
  56  4:30  Twilight Council  
  56  4:37  Probe x2  
  58  4:39  Phoenix (Chrono Boost)  
  60  4:46  Pylon  
  60  4:49  Probe x2  
  60  4:51  Shield Battery  
  62  4:55  Charge (Chrono Boost)  
  62  4:56  Forge  
  62  5:05  Phoenix  
  62  5:06  Probe x2  
  66  5:18  Probe x2  
  68  5:22  Protoss Ground Weapons Level 1 (Chrono Boost)  
  68  5:23  Gateway  
  68  5:25  Gateway, Probe  
  68  5:28  Gateway x2  
  69  5:32  Shield Battery  
  69  5:35  Probe x2  
  71  5:37  Probe  
  72  5:48  Templar Archives, Gateway  
  72  5:51  Pylon  
  72  5:52  Probe x2  
  72  5:54  Pylon  
  72  5:56  Pylon  
  74  5:57  Zealot x2  
  74  5:59  Sentry  
  80  6:13  Pylon  
  80  6:15  Pylon  
  80  6:20  Assimilator  
  80  6:22  Pylon  
  80  6:23  Photon Cannon  
  80  6:25  Shield Battery  
  80  6:26  Assimilator  
  80  6:30  High Templar  
  82  6:33  High Templar  
  82  6:35  Zealot  
  82  6:36  Zealot x4  
  82  6:37  Archon  
  94  6:47  Pylon  
  94  6:52  Zealot  
  93  6:58  Zealot x2  
  93  6:59  Zealot x3  
  103  7:08  Phoenix (Chrono Boost)  
  103  7:14  Zealot x3  
  103  7:15  Gateway  
  111  7:20  Robotics Facility  
  111  7:21  Pylon  
  111  7:23  Pylon  
  111  7:25  Zealot x5  
  121  7:37  Zealot x3  
  127  7:48  Zealot x5  
  98  7:59  Zealot  
  98  8:00  Zealot x2  
  73  8:11  Zealot x5  
  69  8:14  Immortal (Chrono Boost)  
  73  8:21  Zealot x2  
  73  8:22  Zealot  
  73  8:26  Phoenix (Chrono Boost)  
  79  8:32  Colossus  
  74  8:34  High Templar x4  
  74  8:35  Zealot  
  74  8:38  Archon  
  74  8:39  Archon  
  84  8:46  Zealot x3  
  84  8:48  Phoenix (Chrono Boost)  
  90  8:56  Zealot x2  
  82  9:07  Zealot x3  
  80  9:34  Nexus, Observer (Chrono Boost)  
  80  9:36  Assimilator  
  81  9:44  Phoenix (Chrono Boost)  
  83  9:48  Sentry, High Templar x2  
  83  9:51  Probe x2  
  91  9:59  Shield Battery  
  91  10:02  Photon Cannon  
  91  10:03  Phoenix, Probe x2  
  95  10:09  Zealot  
  97  10:14  Zealot  
  97  10:15  Zealot, Probe  
  100  10:28  Phoenix (Chrono Boost)  
  100  10:40  Archon  
  100  10:44  High Templar x2, Zealot x4  
  100  10:48  Archon  
  100  10:49  Phoenix (Chrono Boost)  
  114  10:54  Probe x3  
  117  11:03  Robotics Bay  
  117  11:06  Assimilator  
  117  11:11  Pylon  
  117  11:12  Phoenix (Chrono Boost)  
  117  11:15  Observer  
  117  11:17  Probe  
  117  11:18  Probe x2  
  122  11:37  Phoenix (Chrono Boost)  
  124  11:42  Sentry  
  124  11:43  High Templar  
  124  11:44  High Templar, Zealot x4  
  124  11:45  Zealot  
  124  11:46  Observer  
  140  11:49  Archon  
  140  11:50  Shield Battery  
  140  12:00  Pylon  
  140  12:02  Shield Battery  
  140  12:18  Disruptor (Chrono Boost)  
  141  12:29  Stalker  
  123  12:30  Stalker x4  
  121  12:38  Stalker x3  
Show
View Real Time Build Order
Export as new Build Order

HeroMarine Terran 

Build Orders: Reaper Expand 

Get SALT Encoding   

  12  0:00  SCV  
  13  0:12  SCV  
  14  0:17  Supply Depot  
  14  0:24  SCV  
  15  0:39  SCV  
  15  0:40  Barracks  
  15  0:42  Refinery  
  16  0:51  SCV  
  17  1:03  SCV  
  18  1:15  SCV  
  19  1:27  Reaper, Orbital Command  
  20  1:40  Command Center  
  20  1:51  Supply Depot  
  20  1:55  SCV  
  20  1:59  Marine  
  22  2:09  Factory  
  22  2:12  SCV  
  22  2:14  Refinery  
  23  2:20  Marine, Bunker  
  24  2:24  SCV  
  25  2:37  SCV  
  26  2:38  Barracks Reactor  
  26  2:49  SCV  
  27  2:53  Orbital Command  
  27  2:57  Widow Mine, Starport  
  29  3:01  SCV  
  30  3:13  SCV  
  30  3:15  Marine x2  
  30  3:19  SCV  
  34  3:20  Widow Mine  
  34  3:25  SCV, Supply Depot  
  37  3:32  SCV  
  37  3:33  Marine x2  
  40  3:36  Medivac  
  40  3:37  SCV  
  42  3:44  SCV  
  44  3:49  SCV  
  44  3:51  Marine x2  
  44  3:53  Factory Tech Lab  
  45  3:56  SCV  
  45  4:01  SCV  
  47  4:02  Supply Depot  
  47  4:08  SCV  
  47  4:09  Marine x2  
  50  4:10  Barracks  
  50  4:13  SCV  
  50  4:15  Barracks  
  51  4:20  Engineering Bay  
  51  4:21  SCV  
  52  4:26  SCV  
  52  4:27  Marine x2  
  52  4:29  Factory Tech Lab  
  55  4:32  Supply Depot  
  55  4:33  SCV  
  55  4:38  SCV  
  57  4:44  Marine  
  57  4:45  Marine, SCV  
  60  4:46  Refinery, Terran Infantry Weapons Level 1  
  60  4:50  SCV  
  61  4:55  Barracks  
  61  4:57  SCV  
  61  4:58  Barracks  
  61  4:59  Factory Reactor, Starport Reactor  
  62  5:02  SCV  
  63  5:07  Stimpack  
  63  5:08  Marauder  
  63  5:09  SCV  
  63  5:10  Supply Depot  
  66  5:14  Refinery, SCV  
  66  5:15  Marine x2  
  66  5:19  Combat Shield  
  66  5:20  Marauder  
  69  5:22  SCV  
  70  5:28  Missile Turret  
  70  5:32  Marauder  
  70  5:35  Supply Depot  
  73  5:36  Marine  
  73  5:39  Medivac x2  
  77  5:43  SCV, Marauder  
  77  5:48  Barracks Reactor, Barracks Tech Lab  
  78  5:50  Supply Depot  
  78  5:56  Supply Depot  
  78  5:57  Supply Depot, Marauder  
  78  5:59  Widow Mine  
  78  6:01  Widow Mine  
  84  6:04  Marauder  
  86  6:11  Marine x2  
  86  6:12  Marauder  
  86  6:14  Medivac  
  86  6:15  Medivac  
  93  6:19  Marauder  
  93  6:20  Supply Depot  
  93  6:24  Widow Mine x2  
  99  6:27  Marine x2  
  99  6:28  Marauder  
  103  6:32  Marine  
  103  6:33  Marauder  
  103  6:34  Marine  
  107  6:40  Supply Depot  
  107  6:41  Marauder  
  107  6:45  Marine x2  
  110  6:53  Supply Depot, Marauder  
  108  6:55  Marauder  
  108  6:56  Widow Mine x2  
  108  6:58  Concussive Shells  
  112  7:02  Marine x2  
  112  7:04  Marine x2  
  112  7:07  Marauder  
  118  7:15  Marine  
  116  7:16  Marine, Medivac x2  
  116  7:20  Marine x2  
  124  7:23  Marine  
  124  7:26  Marine  
  124  7:29  Marine  
  127  7:36  Marine x2  
  127  7:40  Marine x2  
  118  7:45  Marine x2  
  118  7:47  Marine  
  99  8:00  Marine x2  
  99  8:02  Marine x2  
  99  8:04  Marine, Widow Mine  
  81  8:12  Medivac x2  
  70  8:16  Marine  
  71  8:20  Marine  
  73  8:29  Widow Mine  
  73  8:38  Armory  
  72  8:42  Medivac  
  72  8:46  Marine x3  
  71  8:52  Marine x3, Orbital Command  
  71  8:53  Marine  
  66  9:04  Marine x2  
  66  9:09  Marine  
  64  9:10  Marine  
  64  9:15  Medivac  
  65  9:18  SCV  
  65  9:22  SCV  
  57  9:32  SCV  
  57  9:34  SCV  
  61  9:44  Marine, SCV  
  63  9:46  SCV  
  63  9:49  Liberator  
  65  9:54  Liberator  
  65  9:56  SCV  
  65  9:59  SCV  
  70  10:04  Widow Mine  
  70  10:05  Widow Mine  
  74  10:08  SCV  
  74  10:11  SCV  
  76  10:19  Marauder  
  76  10:21  Marauder  
  80  10:27  SCV x2  
  80  10:32  Medivac  
  80  10:33  Widow Mine  
  77  10:37  Medivac  
  77  10:39  SCV, Marauder  
  77  10:41  Marauder  
  83  10:44  Marine  
  83  10:45  Marine x3  
  87  10:51  Widow Mine  
  87  10:54  Widow Mine  
  87  10:56  Marauder  
  93  11:00  Marauder  
  93  11:02  Marine x3  
  98  11:07  Liberator  
  101  11:11  Liberator  
  101  11:16  Marine  
  101  11:17  Marine x2  
  105  11:19  Marine  
  105  11:20  Marine  
  105  11:23  Widow Mine  
  109  11:27  Supply Depot  
  109  11:30  Widow Mine  
  109  11:31  Marine, Marauder  
  112  11:40  Marine, Marauder  
  112  11:44  Widow Mine  
  112  11:46  Marine x3  
  118  11:52  Widow Mine, Marauder  
  118  11:53  Marine  
  123  11:58  Marine  
  123  12:01  Marine  
  125  12:04  Marine  
  125  12:05  Marine  
  125  12:07  Marine  
  125  12:11  Marine  
  126  12:17  Marine  
  126  12:24  Marine x4  
  126  12:25  Marine  
  126  12:29  Marine  
  110  12:35  Marine  
  106  12:42  Marine x4  
  106  12:43  Marine  
  84  12:46  Marine  
  76  12:53  Marine, Widow Mine x2  
Tags
 
Add a new tag
Caveats
  • Supply blocks, unpowered buildings, or Contaminate may cause inaccurate times.
  • Supply counts are checked every 10 seconds.